 Dungeon Sprint DCSS version 0.27-a0-1119-gbf574a6a6b (webtiles) character file.

Game seed: 10412348973127689514

726 Zeld the Fighter (level 7, -5/58 (59) HPs)
             Began as an Octopode Abyssal Knight on May 2, 2021.
             Was a Priest of Lugonu.
             Slain by a lich (14 damage)
             ... summoned by Lugonu's corruption
             ... in the Dungeon (Sprint II: "The Violet Keep of Menkaure").
             The game lasted 00:03:41 (1557 turns).

Zeld the Fighter (Octopode Abyssal Knight)          Turns: 1557, Time: 00:03:41

HP:   -5/58 (59)    AC:  1    Str: 19    XL:     7   Next: 72%
MP:   6/12          EV: 15    Int: 15    God:    Lugonu [***...]
Gold: 9             SH:  0    Dex: 11    Spells: 6/6 levels left

rFire    . . .     SeeInvis .   a - +1 hand axe (flame)
rCold    . . .     Faith    .   (no shield)
rNeg     . . .     Spirit   .   (helmet restricted)
rPois    .         Reflect  .   (no amulet)
rElec    .         Harm     .   i - +6 ring of strength
rCorr    .         Rampage  .   (no ring)
Will     .....     NoTele   +   (no ring)
Stlth    ++........             (no ring)
HPRegen  0.19/turn              (no ring)
MPRegen  0.13/turn              (no ring)
                                (no ring)
                                (no ring)

@: afraid, lightly drained
A: almost no armour, amphibious, 8 rings, camouflage 1, gelatinous body 1,
(nimble swimmer 1), tentacles
a: Renounce Religion, Bend Space, Banish


You were in the Dungeon.
You worshipped Lugonu.
Lugonu was most pleased with you.
You visited 1 branch You collected 735 gold pieces.
You spent 726 gold pieces at shops.

Inventory:

Hand Weapons
 a - a +1 hand axe of flaming (weapon)
Jewellery
 i - a +6 ring of strength (left tentacle)
Scrolls
 g - 2 scrolls of blinking
 h - 2 scrolls of identify {unknown}
Potions
 b - a potion of curing
 c - a potion of heal wounds
 d - a potion of haste
 e - 2 potions of magic
 f - a potion of brilliance {unknown}


   Skills:
 * Level 10.0 Fighting
 * Level 9.7 Axes
 + Level 7.1 Dodging
 + Level 7.4 Invocations


You had 6 spell levels left.
You didn't know any spells.
Your spell library was empty.

Dungeon Overview and Level Annotations

Branches:
Dungeon (1/1)

Altars:
Cheibriados
Dithmenos
Elyvilon
Fedhas
Gozag
Hepliaklqana
Kikubaaqudgha
Makhleb
Nemelex Xobeh
Okawaru
Qazlal
Ru
Sif Muna
Trog
Uskayaw
Vehumet
Wu Jian
Xom
Yredelemnul
Zin
The Shining One
Beogh
Jiyva
Lugonu

Shops:
D ::[[=[**[(?=?!!

Annotations:
D corrupted, exclusion: oklob plant


Innate Abilities, Weirdness & Mutations

You cannot wear most types of armour.
You are amphibious.
You can wear up to eight rings at the same time.
Your skin changes colour to match your surroundings (Stealth+).
Your rubbery body absorbs attacks. (AC +1, EV +1)
((You are camouflaged near water. (Stealth+)))
You have tentacles for arms and can constrict up to eight enemies at once.


Message History

Press < or > to pray at altars.
There are monsters nearby!
Unknown command.
Press < or > to pray at altars.
The polar bear rages.
A tentacle flies out from the starspawn's body!
The yaktaur shoots a bolt.
The bolt hits the large abomination!!
The hellwing hits the yaktaur!
The hellwing hits the yaktaur.
The large abomination hits the yaktaur!!
The yaktaur dies!
A starspawn tentacle comes into view.
What are your orders? t - Shout!
Orders for allies: a - Attack new target. r - Retreat! s - Stop attacking. g - Guard the area. f - Follow me.
Anything else - Cancel.
Gang up on whom?
Press: ? - help, Dir - move target
Okay, then.
The small abomination closely misses you.
You closely miss something.
You hear a shout!
Your squeeze misses something. The small abomination hits you.
Unknown command.
You start resting.
There are monsters nearby!
You start resting.
There are monsters nearby!
The small abomination hits you.
You hear some strange, mumbled words.
Something touches you!
* * * LOW HITPOINT WARNING * * *
The small abomination hits you.
* * * LOW HITPOINT WARNING * * *
The glowing orange brain pulsates.
The glowing orange brain radiates an aura of fear!
You are terrified of the glowing orange brain!
Something touches you!
You die...

.##..##.§....#..w..▓▓▓▓▓▓▓
'###.##.......X.X†.≈.≈.§§≈
..####≈≈§§..§.#XX.##.##.+#
#..#≈≈≈≈≈§.§#≈#X5G._._.#§§
#.##≈≈≈≈.§§...#DX._._#.##≈
'##§≈§§≈≈..§X.#XX_._#_.#§§
≈≈≈≈≈§≈§≈≈≈§#.)X_#5GX.§#§§
#+++#§§§≈≈≈...###_._._..≈§
;;≈ ##≈≈≈##§.##.@._._._##§
§≈§≈≈##§≈#:..4#x..x_._.#.§
;§≈≈§§+≈≈#§§.§#....._._#≈≈
§≈≈≈≈##§§≈§§≈≈#..#######≈≈
≈≈≈≈## #######≈≈..≈.≈≈≈≈≈
+#### ≈°.≈###≈########≈▓
≈°°°○##≈# ▓▓ ○○○○≈+≈


You could see a neutral tentacled starspawn (summoned), a neutral glowing orange
brain (summoned, scary), a neutral large abomination (summoned, wandering), a
neutral hellwing (summoned, wandering), 2 neutral small abominations and a
neutral ufetubus (summoned, wandering).

Vanquished Creatures
  Menkaure (D)
  4 necrophages (D)
  4 scorpions (D)
  A hell rat (D)
  3 worms (D)
13 creatures vanquished.

Vanquished Creatures (others)
  A yaktaur (D)
  3 polar bears (D)
  A hornet (D)
  3 water moccasins (D)
  4 starspawn tentacles (D)
12 creatures vanquished.

Grand Total: 25 creatures vanquished

Notes
Turn   | Place    | Note
-------+----------+-------------------------------------------
     0 | D        | Zeld the Octopode Abyssal Knight began the quest for the
                  | Orb.
     0 | D        | Reached XP level 1. HP: 16/16 MP: 2/2
     5 | D        | Noticed a scorpion
     5 | D        | Noticed a scorpion
     5 | D        | Noticed a scorpion
     5 | D        | Noticed a scorpion
     9 | D        | Noticed a necrophage
     9 | D        | Noticed a necrophage
     9 | D        | Noticed a necrophage
     9 | D        | Noticed a necrophage
    13 | D        | Killed a necrophage
    14 | D        | Reached skill level 5 in Fighting
    14 | D        | Reached skill level 5 in Axes
    14 | D        | Reached XP level 2. HP: 25/25 MP: 3/5
    14 | D        | Reached XP level 3. HP: 30/30 MP: 3/6
    14 | D        | Reached XP level 4. HP: 36/36 MP: 3/7
    19 | D        | Killed a necrophage
    19 | D        | Reached ** piety under Lugonu
    20 | D        | Reached skill level 7 in Fighting
    20 | D        | Reached skill level 5 in Invocations
    20 | D        | Reached XP level 5. HP: 41/43 MP: 3/8
    21 | D        | Killed a necrophage
    22 | D        | Reached skill level 5 in Dodging
    22 | D        | Reached XP level 6. HP: 48/50 MP: 3/10
    25 | D        | Killed a necrophage
    26 | D        | Reached skill level 8 in Fighting
   273 | D        | Reached *** piety under Lugonu
   383 | D        | Killed a water moccasin
   530 | D        | Noticed a boulder beetle
   530 | D        | Noticed a boulder beetle
   549 | D        | Reached skill level 9 in Fighting
   549 | D        | Reached XP level 7. HP: 35/57 MP: 10/12
   551 | D        | Reached **** piety under Lugonu
   830 | D        | Found Sustem's Distillery.
   831 | D        | Found Zirr's Magic Scroll Shop.
   831 | D        | Found Todev's Jewellery Boutique.
   831 | D        | Found Haluc's Distillery.
   832 | D        | Found Jah Riv's Antique Weapon Shop.
   832 | D        | Found Diesoh's Armour Boutique.
   832 | D        | Found Ysouveigg's General Store.
   832 | D        | Found Yfiripur's Magic Scroll Shop.
   833 | D        | Found Vunang's Antique Armour Boutique.
   833 | D        | Found Lienauri's Assorted Antiques.
   835 | D        | Found Bottoec's Jewellery Shop.
   836 | D        | Found Oluosey's Antique Armour Boutique.
   836 | D        | Found Nuruckidu's Armour Shop.
   836 | D        | Noticed Menkaure
   836 | D        | Noticed an oklob plant
   837 | D        | Found Aptael's Book Shoppe.
   837 | D        | Found Etatt's Book Boutique.
   855 | D        | Killed Menkaure
   934 | D        | Noticed a great orb of eyes
   981 | D        | Noticed a wyvern
   997 | D        | Bought a coppery potion for 26 gold pieces
   997 | D        | Bought a scroll labelled PODOCR TOATOUM for 29 gold pieces
   997 | D        | Bought a scroll labelled PODOCR TOATOUM for 29 gold pieces
   997 | D        | Bought a scroll of blinking for 217 gold pieces
   997 | D        | Bought an ivory ring for 145 gold pieces
  1001 | D        | Bought a scroll of brand weapon for 280 gold pieces
  1013 | D        | Noticed a wyvern
  1269 | D        | Reached skill level 10 in Fighting
  1525 | D        | Found a hazy altar of Hepliaklqana.
  1525 | D        | Found a snail-covered altar of Cheibriados.
  1526 | D        | Found a stormy altar of Qazlal.
  1526 | D        | Found a viscous altar of Jiyva.
  1526 | D        | Found a shadowy altar of Dithmenos.
  1527 | D        | Found a sacrificial altar of Ru.
  1527 | D        | Found an ancient bone altar of Kikubaaqudgha.
  1527 | D        | Found a white marble altar of Elyvilon.
  1528 | D        | Found an ornate altar of the Wu Jian Council.
  1528 | D        | Found a shimmering blue altar of Sif Muna.
  1528 | D        | Found a corrupted altar of Lugonu.
  1529 | D        | Found a shimmering altar of Xom.
  1529 | D        | Found a bloodstained altar of Trog.
  1529 | D        | Found a burning altar of Makhleb.
  1530 | D        | Found a glowing golden altar of the Shining One.
  1530 | D        | Found a basalt altar of Yredelemnul.
  1530 | D        | Found a hide-covered altar of Uskayaw.
  1534 | D        | Found a glowing silver altar of Zin.
  1534 | D        | Found a radiant altar of Vehumet.
  1534 | D        | Found a blossoming altar of Fedhas.
  1534 | D        | Found a sparkling altar of Nemelex Xobeh.
  1534 | D        | Noticed a hornet
  1534 | D        | Noticed a polar bear
  1535 | D        | Found an opulent altar of Gozag.
  1535 | D        | Found an iron altar of Okawaru.
  1535 | D        | Noticed a yaktaur
  1536 | D        | Noticed a polar bear
  1537 | D        | Noticed a polar bear
  1544 | D        | Corrupted D
  1544 | D        | Noticed a bone dragon
  1544 | D        | Noticed a large abomination
  1544 | D        | Noticed a hellwing
  1544 | D        | Noticed a raiju
  1544 | D        | Noticed a large abomination
  1544 | D        | Noticed a glowing orange brain
  1544 | D        | Noticed a starcursed mass
  1544 | D        | Noticed a large abomination
  1544 | D        | Noticed a flying skull
  1544 | D        | Noticed a glowing orange brain
  1548 | D        | Noticed a thrashing horror
  1548 | D        | Killed a hornet
  1549 | D        | Noticed a tentacled starspawn
  1549 | D        | Killed a polar bear
  1550 | D        | Killed a polar bear
  1551 | D        | Noticed a small abomination
  1551 | D        | Noticed a lich
  1552 | D        | Killed a polar bear
  1552 | D        | Killed a yaktaur
  1557 | D        | Noticed a tentacled starspawn
  1557 | D        | Slain by a lich

Illustrated notes

Levels and vault maps discovered:
D:        the_violet_keep_of_menkaure [sprint2_stairs_cluster_1,
          sprint2_shoproom, sprint2_temple, sprint2_basic_supplies,
          sprint2_obstacle_7, sprint2_obstacle_2, sprint2_obstacle_5,
          sprint2_obstacle_3, sprint2_obstacle_1, sprint2_timed_cluster_1,
          sprint2_smallroom_cluster_1, sprint2_smallroom_final_cluster_1,
          sprint2_transparent_cluster_1, sprint2_second_timed_cluster_1,
          sprint2_sniper_area_1, sprint2_heavy_combat_area_1,
          sprint2_mutation_trap_area_1, sprint2_forest_area_1,
          sprint2_light_combat_area_1, sprint2_behind_water_1,
          sprint2_near_end_vault_1]

Skill      XL: |  1  2  3  4  5  6  7 |
---------------+----------------------+-----
Fighting       | 5 7 9 10 | 10.0
Axes           | 5 6 7 8 9 |  9.7
Dodging        | 4 5 6 7 |  7.1
Invocations    | 4 5 6 7 |  7.4

Action                   |  1- 3 |  4- 6 |  7- 9 || total
-------------------------+-------+-------+-------++-------
Melee: Hand axe          |     3 |    36 |    19 ||    58
       Constrict         |     1 |     8 |     4 ||    13
       Tentacles         |     1 |     5 |     4 ||    10
Invok: Corrupt           |       |       |     1 ||     1
  Use: Potion            |     1 |       |       ||     1
       Scroll            |       |       |     1 ||     1
 Stab: Sleeping          |       |       |     1 ||     1
Dodge: Dodged            |       |     9 |     8 ||    17

Table legend: (Time is in decaauts)
 A = Elapsed time spent in this place.
 B = Non-inter-level travel time spent in this place.
 C = Inter-level travel time spent in this place.
 D = Time resting spent in this place.
 E = Time spent auto-exploring this place.
 F = Levels seen in this place.
 G = Mean time per level.
                   A        B        C        D        E       F      G
               +--------+--------+--------+--------+--------+-----+--------+
         Total |   1558 |   1558 |      0 |   1267 |      0 |   1 | 1558.0 |
       Dungeon |   1558 |   1558 |      0 |   1267 |      0 |   1 | 1558.0 |
               +--------+--------+--------+--------+--------+-----+--------+

Top non-repeatable levels by time:
       D: 1558 daAuts
